AoeStats
← Figanuko Poroyalyu

QS Arena

503583154Analyzed
1v1 RM · 1mo ago on Sep 1, 2026· 76m 49s· 2 players
Game mode
Random Map
Map size
Tiny (2 player)
Population
200
Speed
Normal
Resources
Standard
Victory
Conquest
Starting age
Dark Age
Ending age
Imperial Age
RankedLock teamsTeams togetherTeam positionsShared explorationLock speedFull tech treeHidden civsTurbo modeCheats
Victory
Defeat
🇺🇸 Byzantines · United States
78
+16
🇬🇧 Japanese · United Kingdom
78
-16
muddred12
13:09 Feudal Age
14:31 Horse Collar
14:42 Double-Bit Axe
22:17 Castle Age
21:52 Gold Mining
21:53 Stone Mining
27:01 Wheelbarrow
33:37 Imperial Age
30:53 Loom
31:52 Fortified Wall
31:12 Elite Skirmisher
32:00 Husbandry
31:32 Light Cavalry
32:28 Heavy Plow
32:43 Bow Saw
33:13 Gold Shaft Mining
33:14 Stone Shaft Mining
33:19 Treadmill Crane
34:09 Ballistics
33:42 Guard Tower
34:51 Greek Fire
35:58 Chemistry
34:52 Arrowslits
35:42 Hand Cart
37:37 Crop Rotation
38:06 Conscription
39:25 Keep
40:14 Scale Barding Armor
40:10 Scale Mail Armor
40:21 Forging
40:02 Fletching
40:13 Padded Archer Armor
41:30 Redemption
41:45 Sanctity
42:03 Illumination
41:58 Block Printing
42:25 Theocracy
42:44 Bombard Tower
42:25 Murder Holes
43:47 Hoardings
44:42 Two-Man Saw
44:11 Leather Archer Armor
46:21 Spies/Treason
47:34 Elite Cataphract
68:04 Heavy Cavalry Archer
68:51 Thumb Ring
68:07 Crossbowman
69:21 Chain Barding Armor
69:17 Chain Mail Armor
69:39 Iron Casting
69:00 Bodkin Arrow
69:36 Ring Archer Armor
69:45 Arbalester
72:14 Logistica
Figanuko Poroyalyu
10:10 Feudal Age
10:17 Man-at-Arms
12:37 Double-Bit Axe
15:52 Wheelbarrow
21:13 Horse Collar
25:29 Castle Age
27:14 Long Swordsman
27:36 Elite Skirmisher
31:42 Bow Saw
37:29 Gold Mining
47:29 Imperial Age
45:17 Heavy Plow
47:12 Gold Shaft Mining
47:24 Crossbowman
48:43 Stone Mining
53:49 Squires
57:45 Masonry
57:48 Two-Handed Swordsman
59:06 Arbalester
62:11 Hand Cart
69:37 Two-Man Saw
72:12 Conscription
76:34 Forging
76:32 Scale Mail Armor
76:39 Scale Barding Armor
76:35 Padded Archer Armor
76:26 Fletching
Connection lost

Rejoining the realm…

Still unreachable

The connection could not be restored.

Session expired

The server has moved on; the page needs a fresh start.